 Dungeon Crawl Stone Soup version 0.28.0-53-g5a82cb258f (webtiles) character file.

Game seed: 169164465128254347

2826 safid the Severer (level 9, -3/72 HPs)
             Began as a Hill Orc Fighter on July 12, 2022.
             Was a Priest of Beogh.
             Slain by a wyvern (9 damage)
             ... on level 10 of the Dungeon.
             The game lasted 00:10:51 (8028 turns).

safid the Severer (Hill Orc Fighter)                Turns: 8028, Time: 00:10:52

Health: -3/72      AC: 10    Str: 23    XL:     9   Next: 73%
Magic:  3/3        EV: 13    Int:  8    God:    Beogh [***...]
Gold:   212        SH:  4    Dex:  6    Spells: 8/8 levels left

rFire   . . .      SeeInvis .   m - +3 mace of the Lair of Beasts {antimagic, rPois rC+ rN+ Dex-4}
rCold   + . .      Faith    .   c - +0 buckler
rNeg    + + .      Spirit   .   b - +0 scale mail
rPois   +          Reflect  .   o - +0 helmet
rElec   .          Harm     .   u - +0 cloak
rCorr   .          Rampage  .   (no gloves)
Will    .....                   v - +0 pair of boots
Stlth   ..........              (no amulet)
HPRegen 0.22/turn               f - ring of positive energy
MPRegen 0.08/turn               y - +4 ring of evasion

@: studying Stealth
A: no striking features
a: Renounce Religion, Smiting


You were on level 10 of the Dungeon.
You worshipped Beogh.
Beogh was most pleased with you.
You visited 1 branch of the dungeon, and saw 8 of its levels.
You also visited: Ossuary.

You collected 338 gold pieces.
You spent 126 gold pieces at shops.

Inventory:

Hand Weapons
 a - a +0 war axe
 m - the +3 mace of the Lair of Beasts (weapon) {antimagic, rPois rC+ rN+ Dex-4}
   (You found it on level 7 of the Dungeon)

   It reduces the magical energy of the wielder, and disrupts the spells and
   magical abilities of those it strikes.
   Natural abilities and divine invocations are not affected.
   Dex:       It affects your dexterity (-4).
   rC:        It protects you from cold.
   rPois:     It protects you from poison.
   rN:        It protects you from negative energy.
Armour
 b - a +0 scale mail (worn)
 c - a +0 buckler (worn)
 o - a +0 helmet (worn)
 u - a +0 cloak (worn)
 v - a +0 pair of boots (worn)
Jewellery
 e - a ring of fire
 f - a ring of positive energy (left hand)
 y - a +4 ring of evasion (right hand)
Scrolls
 g - a scroll of amnesia {unknown}
 h - a scroll of blinking {unknown}
 i - 4 scrolls of teleportation
 k - 3 scrolls of magic mapping
 l - a scroll of torment {unknown}
 r - 2 scrolls of summoning
 t - a scroll of silence {unknown}
 x - a scroll of immolation {unknown}
 A - a scroll of holy word {unknown}
Potions
 d - 2 potions of flight
 j - 2 potions of curing
 n - 2 potions of invisibility {unknown}
 p - a potion of degeneration {unknown}
 q - 2 potions of magic
 s - a potion of berserk rage
 w - a potion of heal wounds {unknown}
 z - a potion of brilliance {unknown}


   Skills:
 + Level 4.3 Fighting
 - Level 16.0 Axes
 + Level 4.2 Armour
 - Level 4.0 Shields
 + Level 1.5 Invocations


You had 8 spell levels left.
You didn't know any spells.
Your spell library contained the following spells:

 Spells                   Type           Power      Damage    Failure   Level
 Sublimation of Blood     Necr           0%         N/A       91%         2
 Gell's Gravitas          Tloc           0%         N/A       99%         3
 Lesser Beckoning         Tloc           0%         N/A       99%         3
 Teleport Other           Tloc           0%         N/A       99%         3
 Petrify                  Tmut/Erth      0%         N/A       100%        4
 Irradiate                Conj/Tmut      0%         3d13      100%        5


Dungeon Overview and Level Annotations

Branches:
Dungeon (7/15)             Temple (0/1) D:5         Ossuary (visited)

Altars:
Hepliaklqana
Sif Muna
Wu Jian
Xom
Yredelemnul
The Shining One

Shops:
D:4 [


Message History

A wyvern comes into view.
Found a bubbling pink potion.
Found a stone staircase leading up.
The wyvern misses you. The wyvern closely misses you.
You see here a scroll of identify.
You barely miss the wyvern. The wyvern bites you!
You thump the wyvern!
The wyvern is moderately wounded.
The wyvern misses you. The wyvern bites you!
You closely miss the wyvern.
The wyvern is moderately wounded.
The wyvern bites you!
You are too injured to fight recklessly!
You are too injured to fight recklessly!
You are too injured to fight recklessly!
You are too injured to fight recklessly!
You are too injured to fight recklessly!
You are too injured to fight recklessly!
You are too injured to fight recklessly!
You are too injured to fight recklessly!
You are too injured to fight recklessly!
Unknown command.
You hit the wyvern.
The wyvern is heavily wounded.
The wyvern bites you but does no damage.
The wyvern misses you.
You hit the wyvern.
The wyvern is severely wounded.
The wyvern bites you!
* * * LOW HITPOINT WARNING * * *
You barely miss the wyvern.
The wyvern is severely wounded.
The wyvern bites you!
* * * LOW HITPOINT WARNING * * *
The wyvern bites you.
* * * LOW HITPOINT WARNING * * *
You closely miss the wyvern.
The wyvern is heavily wounded.
The wyvern closely misses you. The wyvern bites you!
You die...

.<.........
.......!..
..........
......... #
......... .##
#.# ........#
..##..#
......l.#
#..#.#
#@###....##
##..........
#.......###
.......###...#
....<## #...#
....# ##.#..#
#..# #.###..#
....# ##.#
##.. #.##.##
...


You could see a wyvern.

Vanquished Creatures
  Prince Ribbit (D:7)
  A wyvern (D:10)
  Sigmund (D:2)
  A steam dragon (D:6)
  Menkaure (D:7)
  A hornet zombie (D:5)
  2 ice beasts
  A sky beast (D:4)
  A black bear (D:7)
  A phantom (D:6)
  A centaur (D:6)
  2 elf zombies (Ossuary)
  3 wights (D:5)
  2 howler monkeys
  2 centaur zombies
  2 bullfrog skeletons
  A centaur skeleton (D:6)
  2 hounds
  2 human zombies (Ossuary)
  3 orc priests
  4 jellies
  6 iguanas
  6 orc wizards
  Natasha (thrice) (D:2)
  2 mummies (Ossuary)
  A howler monkey zombie (D:10)
  Robin (D:3)
  7 adders
  A white imp (D:6)
  An adder zombie (Ossuary)
  2 worms (D:4)
  3 dart slugs
  12 orcs
  4 endoplasms
  4 giant cockroaches
  15 goblins
  13 hobgoblins
  4 kobolds
  3 quokkas
  9 ball pythons
  2 bats
  3 frilled lizards
  A goblin zombie (Ossuary)
  7 hobgoblin zombies (Ossuary)
  A jackal zombie (Ossuary)
  11 kobold zombies (Ossuary)
  7 orc zombies (Ossuary)
  8 rats
  3 rat zombies (Ossuary)
175 creatures vanquished.

Vanquished Creatures (others)
  2 orc wizards (D:4)
  An orc (D:6)
  A goblin (D:3)
  2 hobgoblins (D:3)
6 creatures vanquished.

Grand Total: 181 creatures vanquished

Notes
Turn   | Place    | Note
-------+----------+-------------------------------------------
     0 | D:1      | safid the Hill Orc Fighter began the quest for the Orb.
     0 | D:1      | Reached XP level 1. HP: 19/19 MP: 1/1
   125 | D:1      | Reached XP level 2. HP: 27/27 MP: 2/2
   126 | D:1      | Reached skill level 3 in Axes
   144 | D:1      | Found a faded altar of an unknown god.
   592 | D:1      | Reached XP level 3. HP: 33/33 MP: 3/3
  1081 | D:2      | Noticed Natasha
  1086 | D:2      | Killed Natasha
  1087 | D:2      | Reached skill level 4 in Axes
  1087 | D:2      | Reached XP level 4. HP: 40/40 MP: 4/4
  1147 | D:2      | Noticed Natasha
  1161 | D:2      | Killed Natasha
  1375 | D:2      | Reached skill level 5 in Axes
  1546 | D:2      | Reached XP level 5. HP: 43/46 MP: 5/5
  1647 | D:2      | Noticed Sigmund
  1656 | D:2      | Killed Sigmund
  1657 | D:2      | Reached skill level 7 in Axes
  1657 | D:2      | Reached XP level 6. HP: 42/52 MP: 6/6
  1884 | D:2      | Noticed Natasha
  1889 | D:2      | Killed Natasha
  2171 | D:3      | Found a glowing golden altar of the Shining One.
  2173 | D:3      | Noticed an angel
  2183 | D:3      | Found a basalt altar of Yredelemnul.
  2185 | D:3      | Noticed a profane servitor
  2239 | D:3      | Became a worshipper of Beogh the Brigand
  2387 | D:3      | Noticed Robin
  2402 | D:3      | Killed Robin
  2410 | D:3      | Reached skill level 8 in Axes
  3321 | D:4      | Found a shimmering blue altar of Sif Muna.
  3347 | D:4      | Found a sand-covered staircase.
  3360 | Ossuary  | Entered an ossuary
  3375 | Ossuary  | Reached * piety under Beogh
  3507 | Ossuary  | Reached XP level 7. HP: 58/59 MP: 7/7
  3521 | Ossuary  | Reached skill level 9 in Axes
  3554 | Ossuary  | Reached ** piety under Beogh
  3909 | D:4      | Reached skill level 10 in Axes
  3923 | D:4      | Found an ornate altar of the Wu Jian Council.
  3925 | D:4      | Found a hazy altar of Hepliaklqana.
  4271 | D:4      | Found Hubbirph's Armour Shop.
  4293 | D:4      | Reached skill level 11 in Axes
  4293 | D:4      | Reached XP level 8. HP: 50/66 MP: 8/8
  4469 | D:4      | Found a shimmering altar of Xom.
  4578 | D:4      | Bought a +0 cloak for 63 gold pieces
  4578 | D:4      | Bought a +0 pair of boots for 63 gold pieces
  4627 | D:5      | Entered Level 5 of the Dungeon
  4891 | D:5      | Reached skill level 12 in Axes
  4921 | D:5      | HP: 2/63 [iguana (9)]
  5516 | D:5      | Found a staircase to the Ecumenical Temple.
  5754 | D:5      | Noticed a yak
  5754 | D:5      | Noticed a two-headed ogre
  5841 | D:6      | Reached skill level 13 in Axes
  6560 | D:6      | Reached XP level 9. HP: 66/71 MP: 9/9
  6564 | D:6      | Reached skill level 14 in Axes
  7300 | D:7      | Reached *** piety under Beogh
  7301 | D:7      | Reached skill level 15 in Axes
  7350 | D:7      | Noticed Menkaure
  7357 | D:7      | Killed Menkaure
  7406 | D:7      | Noticed a cyclops
  7477 | D:7      | Identified the +3 mace of the Lair of Beasts {antimagic,
                  | rPois rC+ rN+ Dex-4}
  7502 | D:7      | Noticed Prince Ribbit
  7533 | D:7      | Killed Prince Ribbit
  7852 | D:7      | You fall into a shaft and drop 3 floors!
  7852 | D:10     | Entered Level 10 of the Dungeon
  7866 | D:10     | Reached skill level 16 in Axes
  7866 | D:10     | Reached skill level 1 in Invocations
  8028 | D:10     | Slain by a wyvern

Illustrated notes

Levels and vault maps discovered:
D:1:      kennysheep_arrival_seaside, layout_rooms,
          ebering_ecumenical_altar_rust, kennysheep_nondescript,
          minmay_crystal_room
D:2:      layout_basic, uniq_natasha, uniq_sigmund
D:3:      layout_loops_ring, grunt_temple_overflow_holy_war,
          minmay_shallow_snake_nest, uniq_robin
D:4:      layout_loops_cross, overflow_temple_1_default,
          lemuel_coloured_pillars_altar,
          chequers_temple_overflow_statue_of_worship, enter_ossuary_1,
          serial_shops, nicolae_shop_advertising_works
          [nicolae_subvault_shop_adworks]
D:5:      layout_basic, minmay_temple_entry_slanted, minmay_manual_moon
D:6:      minmay_octagon_keep, layout_basic, interstate_on_off
D:7:      layout_basic, lightli_corner_chamber, uniq_prince_ribbit1,
          uniq_duvessa, uniq_menkaure
D:10:     layout_layer_cave, mainiacjoe_overflow_alcove_4, serial_glass,
          glass_columns_b, glass_columns_a, evilmike_butchery, uniq_psyche

Skill      XL: |  1  2  3  4  5  6  7  8  9 |
---------------+----------------------------+-----
Axes           | 3 4 5 7 8 11 13 16 | 16.0
Fighting       | 4 |  4.3
Armour         | 4 |  4.2
Shields        | 4 |  4.0
Invocations    | 1 |  1.5

Action                   |  1- 3 |  4- 6 |  7- 9 || total
-------------------------+-------+-------+-------++-------
Melee: War axe           |    80 |   200 |   331 ||   611
       Mace              |       |       |    42 ||    42
Invok: Convert to Beogh  |       |     1 |       ||     1
  Use: Potion            |       |     1 |     2 ||     3
       Scroll            |       |       |     6 ||     6
Armor: Scale mail        |    35 |    76 |   127 ||   238
Dodge: Dodged            |    38 |    91 |   144 ||   273
Block: Buckler           |    20 |    36 |    57 ||   113
